TOP OF THE 1ST |
Washington State Cougars batting - Pitching for Clemson Tigers : RHP Shannon Wallace
|
Pitching: RHP Shannon Wallace
|
|
Batting: RHB Jayson Clark
|
0-0: Ball 1-0: Ball 2-0: Called Strike 2-1: Swinging Strike 2-2: Ball 3-2: Strikes out swinging
|
Batting: RHB Enrique Cruz
|
0-0: SINGLE (Groundball, 34D)
|
Batting: RHB José Velázquez
|
0-0: Ball 1-0: Ball 2-0: Ball 3-0: Swinging Strike 3-1: Base on Balls Enrique Cruz to second
|
Batting: LHB Roberto Lozano
|
0-0: Ball 1-0: Grounds into double play, U4-3 (Groundball, 4)
|
Top of the 1st over - 0 run(s), 1 hit(s), 0 error(s), 1 left on base; Washington State 0 - Clemson 0 |
BOTTOM OF THE 1ST |
Clemson Tigers batting - Pitching for Washington State Cougars : RHP Seth Berry
|
Pitching: RHP Seth Berry
|
|
Batting: RHB Pablo Valentín
|
0-0: Ball 1-0: Foul Ball, location: 2F 1-1: Fly out, F7 (Flyball, 78M)
|
Batting: RHB Vincent Snow
|
0-0: Foul Ball, location: 2F 0-1: Foul Ball, location: 2F 0-2: Ball 1-2: Strikes out looking
|
Batting: RHB Jonathan Williams
|
0-0: Hit by Pitch
|
Batting: LHB Edward Rose
|
0-0: Ball 1-0: Ball 2-0: Ball 3-0: Called Strike 3-1: Base on Balls Jonathan Williams to second
|
Batting: RHB Keith Webb
|
0-0: Ball 1-0: Ball 2-0: Foul Ball, location: 2F 2-1: Ball 3-1: Foul Ball, location: 2F 3-2: Foul Ball, location: 2F 3-2: Strikes out looking
|
Bottom of the 1st over - 0 run(s), 0 hit(s), 0 error(s), 2 left on base; Washington State 0 - Clemson 0 |
TOP OF THE 2ND |
Washington State Cougars batting - Pitching for Clemson Tigers : RHP Shannon Wallace
|
Batting: RHB Keith Ivey
|
0-0: Called Strike 0-1: Ground out 1-3 (Groundball, 34S)
|
Batting: LHB Rick Mojica
|
0-0: Ball 1-0: Ball 2-0: Called Strike 2-1: Ball 3-1: Base on Balls
|
Batting: RHB Víctor Ocampo
|
0-0: Called Strike 0-1: Called Strike 0-2: Strikes out looking
|
Batting: RHB Rich Miles
|
0-0: SINGLE (Groundball, 15S) (infield hit) Rick Mojica to second
|
Batting: RHB Thomas Bowman
|
0-0: Called Strike 0-1: Called Strike 0-2: Strikes out swinging
|
Top of the 2nd over - 0 run(s), 1 hit(s), 0 error(s), 2 left on base; Washington State 0 - Clemson 0 |
BOTTOM OF THE 2ND |
Clemson Tigers batting - Pitching for Washington State Cougars : RHP Seth Berry
|
Batting: RHB James Taylor
|
0-0: Called Strike 0-1: Ball 1-1: Called Strike 1-2: Reached on error, E5 (Groundball, 5S)
|
Batting: RHB Leonard Harris
|
0-0: Ball 1-0: Ball 2-0: Fly out, F2 (Popup, 2RF)
|
Batting: RHB Lee Adams
|
0-0: Swinging Strike 0-1: Ground out 5-3 (Groundball, 5)
|
Batting: LHB Burt Ward
|
0-0: Called Strike 0-1: Foul Ball, location: 2F 0-2: Ball 1-2: Ball 2-2: Strikes out swinging
|
Bottom of the 2nd over - 0 run(s), 0 hit(s), 1 error(s), 1 left on base; Washington State 0 - Clemson 0 |
TOP OF THE 3RD |
Washington State Cougars batting - Pitching for Clemson Tigers : RHP Shannon Wallace
|
Batting: RHB Jayson Clark
|
0-0: Ball 1-0: Hit by Pitch
|
Batting: RHB Enrique Cruz
|
0-0: Swinging Strike 0-1: Called Strike 0-2: Foul Ball, location: 2F 0-2: Ball 1-2: Foul Ball, location: 2F 1-2: DOUBLE (Line Drive, 89XD) Jayson Clark to third
|
Batting: RHB José Velázquez
|
0-0: Ground out 6-3 (Groundball, 6) Jayson Clark scores
|
Batting: LHB Roberto Lozano
|
0-0: Called Strike 0-1: Fly out, F7 (Flyball, 8LM)
|
Batting: RHB Keith Ivey
|
0-0: Ball 1-0: Called Strike 1-1: Swinging Strike 1-2: Ball 2-2: Strikes out looking
|
Top of the 3rd over - 1 run(s), 1 hit(s), 0 error(s), 1 left on base; Washington State 1 - Clemson 0 |
BOTTOM OF THE 3RD |
Clemson Tigers batting - Pitching for Washington State Cougars : RHP Seth Berry
|
Batting: RHB Pablo Valentín
|
0-0: Ground out 5-3 (Groundball, 5S)
|
Batting: RHB Vincent Snow
|
0-0: Ball 1-0: Ball 2-0: Called Strike 2-1: Ball 3-1: Foul Ball, location: 2F 3-2: Foul Ball, location: 2F 3-2: SINGLE (Line Drive, 7S)
|
Batting: RHB Jonathan Williams
|
0-0: Ball 1-0: Called Strike 1-1: Swinging Strike 1-2: Strikes out swinging
|
Batting: LHB Edward Rose
|
0-0: Swinging Strike 0-1: Called Strike 0-2: Ball 1-2: Foul Ball, location: 2F 1-2: Ball 2-2: Fly out, F5 (Popup, 5F)
|
Bottom of the 3rd over - 0 run(s), 1 hit(s), 0 error(s), 1 left on base; Washington State 1 - Clemson 0 |
TOP OF THE 4TH |
Washington State Cougars batting - Pitching for Clemson Tigers : RHP Shannon Wallace
|
Batting: LHB Rick Mojica
|
0-0: Called Strike 0-1: Ball 1-1: Ball 2-1: Called Strike 2-2: Ball 3-2: Base on Balls
|
Batting: RHB Víctor Ocampo
|
0-0: Called Strike 0-1: Foul Ball, location: 2F 0-2: Ball 1-2: Strikes out swinging
|
Batting: RHB Rich Miles
|
0-0: SINGLE (Flyball, 9LS) Rick Mojica to second
|
Batting: RHB Thomas Bowman
|
0-0: Called Strike 0-1: Swinging Strike 0-2: Strikes out looking
|
Batting: RHB Jayson Clark
|
0-0: Ball 1-0: Called Strike 1-1: Ball 2-1: 3-RUN HOME RUN (Flyball, 89XD), Distance : 390 ft
|
Batting: RHB Enrique Cruz
|
0-0: Foul Ball, location: 2F 0-1: Foul Ball, location: 2F 0-2: Ball 1-2: Foul Ball, location: 2F 1-2: Ball 2-2: Strikes out swinging
|
Top of the 4th over - 3 run(s), 2 hit(s), 0 error(s), 0 left on base; Washington State 4 - Clemson 0 |
BOTTOM OF THE 4TH |
Clemson Tigers batting - Pitching for Washington State Cougars : RHP Seth Berry
|
Batting: RHB Keith Webb
|
0-0: Ball 1-0: Ball 2-0: Ball 3-0: Base on Balls
|
Batting: RHB James Taylor
|
0-0: Ball 1-0: Ground out 4-3 (Groundball, 34S) Keith Webb to second
|
Batting: RHB Leonard Harris
|
0-0: Called Strike 0-1: Foul Ball, location: 2F 0-2: Ball 1-2: Ball 2-2: Ground out 5-3 (Groundball, 56)
|
Batting: RHB Lee Adams
|
0-0: Swinging Strike 0-1: Called Strike 0-2: SINGLE (Groundball, 6MD) Keith Webb to third Runner from 3rd tries for Home, SAFE, no throw or cutoff
|
Batting: LHB Burt Ward
|
0-0: Called Strike 0-1: Ground out 1-3 (Groundball, 23)
|
Bottom of the 4th over - 1 run(s), 1 hit(s), 0 error(s), 1 left on base; Washington State 4 - Clemson 1 |
TOP OF THE 5TH |
Washington State Cougars batting - Pitching for Clemson Tigers : RHP Shannon Wallace
|
Batting: RHB José Velázquez
|
0-0: Fly out, F8 (Flyball, 8RS)
|
Batting: LHB Roberto Lozano
|
0-0: Ball 1-0: Ball 2-0: Ball 3-0: Called Strike 3-1: Called Strike 3-2: Foul Ball, location: 2F 3-2: Foul Ball, location: 2F 3-2: Foul Ball, location: 2F 3-2: Base on Balls
|
Batting: RHB Keith Ivey
|
0-0: Called Strike 0-1: Foul Ball, location: 2F 0-2: Ball 1-2: Ball 2-2: SINGLE (Line Drive, 7S) Roberto Lozano to second
|
Pitching: RHP Ryan Allen
|
|
Batting: LHB Rick Mojica
|
0-0: Ball 1-0: Ball 2-0: Ball 3-0: Base on Balls Roberto Lozano to third Keith Ivey to second
|
Batting: RHB Víctor Ocampo
|
0-0: Ball 1-0: Ball 2-0: Called Strike 2-1: Fly out, F8 (Flyball, 78XD) Runner from 3rd tags up, SCORES, no throw Keith Ivey to third
|
Batting: RHB Rich Miles
|
0-0: Ball 1-0: Ground out 2-3 (Groundball, 25)
|
Top of the 5th over - 1 run(s), 1 hit(s), 0 error(s), 2 left on base; Washington State 5 - Clemson 1 |
BOTTOM OF THE 5TH |
Clemson Tigers batting - Pitching for Washington State Cougars : RHP Seth Berry
|
Batting: RHB Pablo Valentín
|
0-0: Called Strike 0-1: Foul Ball, location: 2F 0-2: Ball 1-2: SINGLE (Groundball, 4MD)
|
Batting: RHB Vincent Snow
|
0-0: Ball 1-0: Called Strike 1-1: SINGLE (Groundball, 56D) Pablo Valentín to second
|
Batting: RHB Jonathan Williams
|
0-0: Ball 1-0: Ball 2-0: Ball 3-0: Base on Balls Pablo Valentín to third Vincent Snow to second
|
Batting: LHB Edward Rose
|
0-0: Ball 1-0: Called Strike 1-1: Ball 2-1: Ball 3-1: Base on Balls Pablo Valentín scores Vincent Snow to third Jonathan Williams to second
|
Pitching: RHP Salvador Martínez
|
|
Batting: RHB Keith Webb
|
0-0: Called Strike 0-1: Ball 1-1: Ball 2-1: Ball 3-1: Called Strike 3-2: Base on Balls Vincent Snow scores Jonathan Williams to third Edward Rose to second
|
Batting: RHB James Taylor
|
0-0: Foul Ball, location: 2F 0-1: SINGLE (Line Drive, 4D) Jonathan Williams scores Edward Rose to third Keith Webb to second
|
Batting: RHB Leonard Harris
|
0-0: Called Strike 0-1: Ball 1-1: Called Strike 1-2: Ball 2-2: Hit by Pitch Edward Rose scores Keith Webb to third James Taylor to second
|
Batting: RHB Lee Adams
|
0-0: SINGLE (Groundball, 4M) Keith Webb scores James Taylor to third Leonard Harris to second
|
Batting: LHB Burt Ward
|
0-0: Ball 1-0: Called Strike 1-1: Ball 2-1: Ball 3-1: Base on Balls James Taylor scores Leonard Harris to third Lee Adams to second
|
Batting: RHB Pablo Valentín
|
0-0: Ball 1-0: Ball 2-0: GRAND SLAM HOME RUN (Flyball, 78D), Distance : 375 ft
|
Pitching: RHP Allen Olsen
|
|
Batting: RHB Vincent Snow
|
0-0: Ball 1-0: Called Strike 1-1: Foul Ball, location: 2F 1-2: Ball 2-2: Strikes out swinging
|
Batting: RHB Jonathan Williams
|
0-0: Ground out 5-3 (Groundball, 56)
|
Batting: LHB Edward Rose
|
0-0: Foul Ball, location: 2F 0-1: Ball 1-1: Fly out, F8 (Line Drive, 8LM)
|
Bottom of the 5th over - 10 run(s), 5 hit(s), 0 error(s), 0 left on base; Washington State 5 - Clemson 11 |
TOP OF THE 6TH |
Washington State Cougars batting - Pitching for Clemson Tigers : RHP Ryan Allen
|
Batting: RHB Thomas Bowman
|
0-0: Called Strike 0-1: Foul Ball, location: 2F 0-2: Ground out 6-3 (Groundball, 6)
|
Batting: RHB Jayson Clark
|
0-0: Called Strike 0-1: Called Strike 0-2: Ball 1-2: SINGLE (Groundball, 34D)
|
Batting: RHB Enrique Cruz
|
0-0: Ball Jayson Clark steals 2nd base 1-0: Fly out, F7 (Flyball, 7M)
|
Batting: RHB José Velázquez
|
0-0: Ball 1-0: Ball 2-0: Ball 3-0: Base on Balls
|
Batting: LHB Roberto Lozano
|
0-0: Called Strike 0-1: Ball 1-1: Called Strike 1-2: Ball 2-2: Ground out 4-3 (Groundball, 4)
|
Top of the 6th over - 0 run(s), 1 hit(s), 0 error(s), 2 left on base; Washington State 5 - Clemson 11 |
BOTTOM OF THE 6TH |
Clemson Tigers batting - Pitching for Washington State Cougars : RHP Allen Olsen
|
Batting: RHB Keith Webb
|
0-0: Called Strike 0-1: Ball 1-1: Foul Ball, location: 2F 1-2: Ball 2-2: Foul Ball, location: 2F 2-2: Foul Ball, location: 2F 2-2: Foul Ball, location: 2F 2-2: Foul Ball, location: 2F 2-2: Ball 3-2: Strikes out swinging
|
Batting: RHB James Taylor
|
0-0: Called Strike 0-1: Ball 1-1: Ball 2-1: Ball 3-1: SINGLE (Line Drive, 56)
|
Batting: RHB Leonard Harris
|
0-0: Ball 1-0: Fly out, F9 (Line Drive, 9M)
|
Batting: RHB Lee Adams
|
0-0: SINGLE (Flyball, 78S) James Taylor to second Runner from 2nd tries for 3rd, OUT!
|
Bottom of the 6th over - 0 run(s), 2 hit(s), 0 error(s), 1 left on base; Washington State 5 - Clemson 11 |
TOP OF THE 7TH |
Washington State Cougars batting - Pitching for Clemson Tigers : RHP Ryan Allen
|
Batting: RHB Keith Ivey
|
0-0: Called Strike 0-1: SINGLE (Groundball, 6MD)
|
Batting: LHB Rick Mojica
|
0-0: Ball 1-0: Ball 2-0: Ball 3-0: Called Strike 3-1: Base on Balls Keith Ivey to second
|
Batting: RHB Víctor Ocampo
|
0-0: Ball 1-0: Called Strike 1-1: Swinging Strike 1-2: Foul Ball, location: 2F 1-2: Foul Ball, location: 2F 1-2: Strikes out swinging
|
Pitching: RHP Corey May
|
|
Batting: RHB Rich Miles
|
0-0: Ball 1-0: Called Strike 1-1: Swinging Strike 1-2: Foul Ball, location: 2F 1-2: Strikes out swinging
|
Batting: RHB Thomas Bowman
|
0-0: Called Strike 0-1: Ball 1-1: Ball 2-1: Ball 3-1: Fly out, F9 (Line Drive, 89M)
|
Top of the 7th over - 0 run(s), 1 hit(s), 0 error(s), 2 left on base; Washington State 5 - Clemson 11 |
BOTTOM OF THE 7TH |
Clemson Tigers batting - Pitching for Washington State Cougars : RHP Allen Olsen
|
Pitching: LHP Andy O'Toole
|
|
Batting: LHB Burt Ward
|
0-0: Ball 1-0: Called Strike 1-1: Called Strike 1-2: Ground out 4-3 (Groundball, 4)
|
Batting: RHB Pablo Valentín
|
0-0: Foul Ball, location: 2F 0-1: Foul Ball, location: 2F 0-2: Ball 1-2: Foul Ball, location: 2F 1-2: Foul Ball, location: 2F 1-2: Foul Ball, location: 2F 1-2: Strikes out swinging
|
Batting: RHB Vincent Snow
|
0-0: Swinging Strike 0-1: Foul Ball, location: 2F 0-2: Foul Ball, location: 2F 0-2: Ball 1-2: Ground out 6-3 (Groundball, 6M)
|
Bottom of the 7th over - 0 run(s), 0 hit(s), 0 error(s), 0 left on base; Washington State 5 - Clemson 11 |
TOP OF THE 8TH |
Washington State Cougars batting - Pitching for Clemson Tigers : RHP Corey May
|
Now in RF: Ralph Jackson
|
|
Batting: RHB Jayson Clark
|
0-0: Ball 1-0: Called Strike 1-1: Called Strike 1-2: Strikes out looking
|
Batting: RHB Enrique Cruz
|
0-0: Hit by Pitch
|
Batting: RHB José Velázquez
|
0-0: Ball 1-0: Swinging Strike 1-1: Called Strike 1-2: Strikes out swinging
|
Batting: LHB Roberto Lozano
|
0-0: Swinging Strike 0-1: Called Strike 0-2: Ball 1-2: Foul Ball, location: 2F 1-2: Ball 2-2: Ball 3-2: Foul Ball, location: 2F 3-2: Foul Ball, location: 2F 3-2: Base on Balls Enrique Cruz to second
|
Batting: RHB Keith Ivey
|
0-0: Ball 1-0: Foul Ball, location: 2F 1-1: Ball 2-1: SINGLE (Line Drive, 34D) Enrique Cruz to third Roberto Lozano to second Runner from 3rd tries for Home, SAFE, no throw or cutoff
|
Batting: LHB Rick Mojica
|
0-0: Ball 1-0: Ball 2-0: Swinging Strike 2-1: Swinging Strike 2-2: Ground out 4-3 (Groundball, 4)
|
Top of the 8th over - 1 run(s), 1 hit(s), 0 error(s), 2 left on base; Washington State 6 - Clemson 11 |
BOTTOM OF THE 8TH |
Clemson Tigers batting - Pitching for Washington State Cougars : LHP Andy O'Toole
|
Batting: RHB Jonathan Williams
|
0-0: Swinging Strike 0-1: Foul Ball, location: 2F 0-2: Ball 1-2: Ball 2-2: Ball 3-2: Ground out 5-3 (Groundball, 5S)
|
Batting: LHB Edward Rose
|
0-0: SINGLE (Groundball, 34)
|
Batting: RHB Keith Webb
|
0-0: Ball 1-0: Ball 2-0: Ball 3-0: Called Strike 3-1: Called Strike 3-2: Base on Balls Edward Rose to second
|
Batting: RHB James Taylor
|
0-0: Foul Ball, location: 2F 0-1: Ball 1-1: Foul Ball, location: 2F 1-2: Foul Ball, location: 2F 1-2: SINGLE (Groundball, 6MD) Edward Rose to third Keith Webb to second Runner from 3rd tries for Home, SAFE, throw made home Keith Webb to third James Taylor to second
|
Batting: RHB Leonard Harris
|
0-0: Called Strike 0-1: Called Strike 0-2: Ball 1-2: Fly out, F8 (Line Drive, 8LM) Throwing error, E8 Keith Webb scores James Taylor to third
|
Batting: RHB Lee Adams
|
0-0: Ground out 5-3 (Groundball, 5S)
|
Bottom of the 8th over - 2 run(s), 2 hit(s), 1 error(s), 1 left on base; Washington State 6 - Clemson 13 |
TOP OF THE 9TH |
Washington State Cougars batting - Pitching for Clemson Tigers : RHP Corey May
|
Pitching: RHP José Limón
|
|
Now at C: Alejandro Flores
|
|
Batting: RHB Víctor Ocampo
|
0-0: Called Strike 0-1: Foul Ball, location: 2F 0-2: Foul Ball, location: 2F 0-2: Strikes out looking
|
Batting: RHB Rich Miles
|
0-0: Ball 1-0: Called Strike 1-1: SINGLE (Flyball, 7S)
|
Batting: RHB Thomas Bowman
|
0-0: SINGLE (Line Drive, 4MD) Rich Miles to second
|
Batting: RHB Jayson Clark
|
0-0: Called Strike 0-1: SINGLE (Line Drive, 56) Rich Miles to third Thomas Bowman to second Runner from 3rd tries for Home, SAFE, no throw or cutoff
|
Batting: RHB Enrique Cruz
|
0-0: Ball 1-0: Grounds into double play, U6-3 (Groundball, 6M)
|
Top of the 9th over - 1 run(s), 3 hit(s), 0 error(s), 1 left on base; Washington State 7 - Clemson 13 |
|